Map: Jagannatha LE

Players

RageQueue - Winner!

  • Race: Terran Terran
  • League: Master

glowxo

  • Race: Zerg Zerg
  • League: Master

VOD

Have the link to the VOD?

Description

Time

  • Played on: Aug. 9, 2021, 6:25 p.m.
  • Length: 27:02
Show
View Real Time Build Order
Export as new Build Order

RageQueue Terran - Winner!

Build Orders: 2 Factory, Mech 

Get SALT Encoding   

  12  0:00  SCV  
  13  0:13  SCV  
  14  0:22  Supply Depot  
  14  0:25  SCV  
  14  0:27  Refinery  
  15  0:48  Barracks  
  15  0:50  SCV  
  16  1:02  SCV  
  17  1:15  SCV  
  18  1:27  SCV  
  19  1:39  Factory  
  19  1:40  Marine  
  19  1:42  Orbital Command  
  20  1:54  Supply Depot  
  20  1:59  Barracks Reactor  
  20  2:08  SCV  
  21  2:19  Command Center  
  21  2:21  SCV  
  22  2:41  SCV  
  22  2:43  Barracks Tech Lab  
  23  2:44  Hellion x2  
  23  2:50  Factory  
  23  2:51  Supply Depot  
  27  2:54  SCV  
  27  2:57  Refinery  
  28  3:06  SCV  
  29  3:16  Marine x2  
  29  3:18  SCV  
  32  3:25  Siege Tank  
  35  3:30  SCV  
  36  3:37  SCV  
  37  3:43  SCV  
  37  3:47  Marine x2  
  37  3:48  Factory Reactor  
  38  3:52  Orbital Command  
  38  3:57  SCV  
  39  4:05  Siege Tank  
  39  4:09  Marine x2  
  44  4:10  SCV  
  44  4:13  Supply Depot  
  44  4:15  Armory  
  45  4:18  SCV  
  46  4:25  SCV  
  46  4:26  Hellion  
  46  4:29  Hellion  
  51  4:36  SCV, Marine  
  51  4:37  Marine  
  54  4:48  SCV  
  54  4:54  Hellion x2, Siege Tank  
  54  4:56  SCV  
  62  5:09  Terran Vehicle Weapons Level 1  
  62  5:10  Supply Depot  
  62  5:13  Supply Depot  
  62  5:32  SCV, Siege Tank, Marine x2, Hellion  
  62  5:35  SCV, Hellion  
  73  5:44  SCV  
  73  5:47  SCV  
  68  5:56  SCV  
  69  5:59  SCV  
  69  6:01  Command Center  
  69  6:06  Refinery  
  69  6:08  SCV, Refinery  
  69  6:11  SCV  
  71  6:20  Hellion x2, Siege Tank, SCV  
  78  6:28  Supply Depot  
  78  6:41  Hellion x5  
  78  6:45  Supply Depot  
  78  6:48  Factory  
  78  6:49  Infernal Pre-Igniter, Factory  
  78  6:50  SCV x2  
  80  7:02  SCV x2  
  82  7:10  Thor  
  82  7:13  Widow Mine  
  82  7:14  SCV x3, Widow Mine  
  95  7:25  Supply Depot  
  95  7:26  SCV  
  95  7:27  Supply Depot, Orbital Command  
  95  7:29  Factory  
  96  7:31  Terran Vehicle Weapons Level 2  
  96  7:36  SCV  
  97  7:40  Factory Tech Lab, Widow Mine x2  
  97  7:41  Factory Tech Lab  
  102  7:58  Siege Tank  
  102  7:59  SCV  
  102  8:00  SCV, Refinery, Orbital Command  
  102  8:01  Refinery  
  104  8:08  Siege Tank  
  104  8:11  SCV  
  104  8:12  SCV  
  109  8:13  Engineering Bay  
  107  8:23  SCV  
  107  8:24  SCV  
  107  8:25  Hellion x2, Siege Tank, Factory Tech Lab  
  107  8:27  SCV  
  107  8:33  Starport  
  107  8:35  SCV  
  107  8:37  SCV  
  107  8:39  SCV, Siege Tank  
  113  8:43  Siege Tank  
  113  8:47  SCV  
  117  8:49  SCV  
  117  8:51  SCV  
  117  8:52  Missile Turret  
  119  8:56  Missile Turret  
  119  8:57  Missile Turret  
  119  8:59  SCV  
  119  9:00  Missile Turret  
  119  9:01  SCV  
  121  9:03  Hellion  
  121  9:04  Hellion  
  121  9:06  Sensor Tower  
  125  9:11  Supply Depot  
  125  9:13  Supply Depot x3  
  125  9:21  Starport Reactor  
  125  9:32  SCV x2, Siege Tank  
  125  9:34  Thor  
  125  9:36  Command Center  
  136  9:39  Hellion x2, Missile Turret  
  136  9:41  Missile Turret x2  
  136  9:45  SCV x2  
  142  9:54  Terran Vehicle And Ship Armor Level 1  
  142  9:58  Viking x2, Siege Tank  
  142  9:59  Armory, Siege Tank  
  152  10:08  Hellion x2  
  152  10:13  Refinery  
  156  10:15  Refinery  
  156  10:21  Supply Depot x2  
  156  10:22  Supply Depot  
  156  10:24  Supply Depot x2  
  156  10:26  Supply Depot  
  156  10:28  Siege Tank  
  157  10:29  Sensor Tower  
  157  10:32  Viking x2  
  157  10:34  Hellion  
  156  10:39  Hellion  
  156  10:42  Siege Tank x2, Sensor Tower  
  155  11:00  Hellion, Siege Tank, SCV  
  153  11:06  SCV  
  142  11:19  Hellion x2, Siege Tank x2  
  142  11:21  SCV  
  148  11:27  Hellbat  
  148  11:29  Refinery  
  148  11:32  Refinery  
  150  11:35  Planetary Fortress  
  150  11:37  Viking x2  
  150  11:38  SCV, Siege Tank  
  158  11:40  SCV x2  
  158  11:42  Terran Vehicle Weapons Level 3  
  160  11:52  SCV x3  
  163  12:01  Barracks  
  163  12:02  Barracks  
  163  12:03  Barracks  
  163  12:04  SCV  
  163  12:05  Thor  
  163  12:06  Ghost Academy  
  170  12:08  Terran Vehicle And Ship Armor Level 2  
  170  12:11  Terran Infantry Weapons Level 1  
  170  12:12  SCV  
  171  12:23  Hellion x2, Thor  
  171  12:27  SCV  
  182  12:43  SCV  
  164  12:48  Hellion x2, Siege Tank x2, Viking  
  164  12:49  SCV, Viking  
  164  12:50  SCV x2  
  181  13:01  Barracks Tech Lab  
  181  13:02  Barracks Tech Lab x2  
  181  13:03  SCV  
  182  13:06  Command Center  
  182  13:10  Refinery  
  182  13:11  Refinery  
  166  13:21  Ghost x3  
  166  13:22  Hellion x2, Siege Tank x2  
  166  13:24  Widow Mine x2  
  166  13:26  SCV  
  174  13:30  Medivac x2  
  168  13:49  Hellion x2, Siege Tank x2  
  168  13:54  SCV, Siege Tank  
  178  14:04  SCV  
  178  14:06  Ghost x3  
  178  14:08  SCV x2  
  178  14:09  SCV  
  188  14:16  SCV  
  189  14:20  SCV  
  189  14:21  SCV  
  180  14:27  SCV  
  169  14:38  Ghost x3  
  169  14:39  Hellion x2  
  169  14:40  Thor x3  
  169  14:42  Hellion  
  197  14:50  SCV  
  198  14:54  SCV  
  198  14:55  SCV x3  
  196  15:02  SCV  
  196  15:07  SCV x4  
  191  15:08  Ghost x3  
  191  15:09  Hellion  
  191  15:14  SCV, Personal Cloaking  
  197  15:19  SCV x3  
  177  15:36  Ghost  
  177  15:40  Siege Tank x3  
  178  15:45  SCV x4  
  183  15:50  Hellion  
  183  15:51  Hellion  
  186  15:57  Command Center  
  186  16:02  Hellion  
  188  16:08  Command Center  
  188  16:10  Refinery  
  188  16:12  Hellion, Refinery  
  190  16:21  Hellion x4  
  190  16:22  SCV  
  190  16:40  Hellion x2  
  182  17:13  Ghost x3  
  182  17:14  Hellion x2, Siege Tank x2  
  179  17:35  Hellion x2, SCV  
  173  17:44  Ghost x2  
  173  17:46  Siege Tank x2  
  167  17:55  Refinery  
  167  17:57  Refinery  
  148  18:09  Ghost  
  148  18:10  Hellion x2, Siege Tank x2  
  148  18:11  Terran Vehicle And Ship Armor Level 3  
  148  18:12  Terran Ship Weapons Level 1  
  160  18:13  Terran Infantry Weapons Level 2  
  160  18:18  Siege Tank  
  160  18:19  SCV  
  158  18:21  Ghost x2  
  158  18:22  Siege Tank  
  165  18:37  Ghost  
  165  18:39  SCV x2  
  165  18:40  SCV x2  
  165  18:41  Orbital Command  
  171  18:43  Hellion x6  
  171  18:51  SCV x2  
  173  19:01  Orbital Command  
  171  19:06  Hellion x3  
  159  19:31  Medivac x2, Ghost x2  
  159  19:32  Siege Tank x2  
  170  19:39  Hellion x2, Siege Tank  
  170  19:40  Siege Tank  
  168  19:48  Ghost  
  165  20:28  Supply Depot  
  165  20:32  Supply Depot  
  165  20:33  Supply Depot  
  165  20:34  Supply Depot  
  158  20:39  Supply Depot  
  158  20:42  Ghost  
  154  20:44  Hellion x2, Ghost  
  127  20:54  Hellion x3  
  130  20:59  SCV x3  
  133  21:08  Ghost  
  133  21:09  Hellion x2  
  133  21:10  Liberator x2  
  144  21:15  SCV x2  
  136  21:33  Ghost x2  
  136  21:34  Hellion x2, Siege Tank x3  
  136  21:35  SCV, Siege Tank  
  157  21:46  SCV x4  
  161  21:47  SCV  
  162  21:56  Hellion x2  
  166  22:06  Refinery, Planetary Fortress, Missile Turret  
  166  22:07  Hellion, Missile Turret  
  168  22:08  Refinery  
  168  22:09  Missile Turret  
  168  22:26  Siege Tank x2  
  171  22:35  Siege Tank  
  171  22:36  Siege Tank  
  177  22:37  Liberator  
  178  22:44  Command Center  
  175  23:05  Hellion x2, Siege Tank x2  
  183  23:07  SCV  
  183  23:08  SCV, Siege Tank  
  188  23:16  Supply Depot x2  
  179  23:46  Ghost x3  
  179  23:48  Hellion x2, Siege Tank x3  
  198  24:00  SCV x2  
  200  24:05  Terran Ship Weapons Level 2  
  200  24:07  Enhanced Shockwaves  
  200  24:11  Orbital Command  
  163  24:48  Ghost x3  
  163  24:50  Hellion x3, Siege Tank x3  
  155  25:04  Liberator  
  155  25:05  SCV x2  
  160  25:12  Missile Turret  
  154  25:17  Ghost  
  156  25:24  Siege Tank x3  
  165  25:42  Refinery  
  165  25:43  Hellion x2  
  166  25:59  Hellion x2  
  166  26:00  Siege Tank x2  
  173  26:20  Siege Tank  
  167  26:27  Ghost x3  
  167  26:28  Hellion  
  167  26:29  Hellion  
Show
View Real Time Build Order
Export as new Build Order

glowxo Zerg 

Build Orders: Hatch First, Swarm Host 

Get SALT Encoding   

  12  0:00  Drone  
  13  0:12  Overlord  
  13  0:17  Drone  
  14  0:30  Drone x2  
  16  0:48  Hatchery  
  15  0:52  Drone  
  15  0:55  Drone  
  17  0:58  Drone  
  18  1:09  Extractor  
  17  1:14  Spawning Pool  
  16  1:19  Drone  
  16  1:20  Drone  
  18  1:28  Drone  
  19  1:38  Drone  
  20  1:51  Overlord  
  20  2:02  Queen x2, Drone x2  
  26  2:12  Drone x2  
  28  2:26  Hatchery  
  27  2:33  Drone x2  
  29  2:37  Pneumatized Carapace  
  29  2:38  Drone x2  
  31  2:45  Queen  
  33  2:52  Overlord  
  33  2:54  Drone  
  33  2:55  Drone  
  33  2:58  Drone  
  36  3:05  Overlord  
  36  3:11  Metabolic Boost, Drone  
  37  3:13  Drone x2  
  39  3:21  Overlord  
  39  3:23  Drone x2  
  39  3:26  Zergling x2  
  42  3:35  Drone  
  42  3:38  Drone  
  41  3:46  Drone x2  
  41  3:50  Drone x3  
  41  3:52  Roach Warren  
  43  3:58  Overlord  
  43  4:01  Zergling x6  
  43  4:02  Zergling x2  
  47  4:03  Drone x3  
  47  4:07  Drone  
  51  4:10  Overlord  
  51  4:14  Drone  
  52  4:20  Queen x2  
  52  4:22  Drone  
  52  4:23  Extractor  
  56  4:30  Drone  
  57  4:32  Drone x3  
  57  4:33  Drone  
  61  4:39  Overlord  
  61  4:41  Roach  
  61  4:42  Roach x2  
  67  4:46  Roach x2  
  71  4:56  Roach  
  71  4:58  Overlord  
  71  4:59  Lair  
  72  5:02  Zergling x14  
  79  5:13  Roach  
  80  5:16  Queen x2  
  84  5:22  Overlord  
  84  5:27  Roach x3  
  84  5:28  Roach x2  
  88  5:36  Roach  
  88  5:37  Overlord  
  82  5:52  Queen  
  81  6:01  Glial Reconstitution, Extractor  
  81  6:02  Drone x4  
  81  6:03  Queen  
  86  6:04  Hatchery  
  86  6:05  Extractor  
  84  6:12  Drone x3  
  84  6:14  Drone x8  
  84  6:17  Ravager x2  
  93  6:36  Drone x3  
  96  6:45  Ravager  
  96  6:47  Roach  
  99  6:51  Hatchery x2  
  97  6:56  Overlord  
  97  6:59  Overlord x2  
  97  7:01  Overseer  
  97  7:02  Overseer  
  97  7:10  Evolution Chamber  
  97  7:12  Evolution Chamber  
  92  7:17  Overlord  
  92  7:18  Drone x8  
  92  7:19  Queen  
  102  7:23  Extractor  
  102  7:24  Extractor  
  102  7:28  Roach x4  
  108  7:40  Overlord  
  108  7:45  Roach  
  108  7:46  Roach x5  
  108  7:49  Overlord  
  120  8:02  Roach x3  
  120  8:03  Roach x4  
  120  8:04  Queen  
  136  8:07  Ravager x2  
  136  8:08  Ravager, Overseer  
  136  8:09  Overseer  
  136  8:10  Overseer  
  138  8:21  Drone x3  
  138  8:22  Drone x3  
  138  8:24  Drone x9  
  138  8:25  Drone x2  
  138  8:26  Queen  
  155  8:31  Zerg Missile Weapons Level 1  
  155  8:32  Zerg Ground Armor Level 1  
  155  8:36  Overlord  
  155  8:38  Drone x3  
  158  8:45  Overlord  
  158  8:48  Overlord x2  
  158  8:58  Overlord x2  
  158  9:00  Drone x8  
  166  9:03  Extractor x2  
  166  9:05  Zergling x8  
  166  9:06  Ravager x3  
  171  9:11  Ravager  
  171  9:12  Ravager x2  
  174  9:24  Zergling x36  
  177  9:30  Drone x3  
  195  9:34  Drone  
  195  9:36  Infestation Pit  
  195  9:54  Drone x5  
  195  9:56  Extractor  
  195  9:57  Hatchery  
  195  9:58  Extractor, Spine Crawler  
  196  10:06  Overlord  
  196  10:08  Hatchery  
  196  10:13  Hive  
  195  10:16  Hatchery  
  194  10:25  Hatchery  
  193  10:29  Zergling x14  
  200  10:36  Overlord  
  200  10:56  Zerg Ground Armor Level 2, Zerg Melee Weapons Level 1  
  164  11:09  Zergling x16  
  144  11:14  Roach x9  
  159  11:28  Zergling x34  
  159  11:29  Zergling x4  
  178  11:34  Ravager x3  
  178  11:35  Ravager  
  178  11:38  Spine Crawler  
  178  11:39  Spine Crawler  
  180  11:40  Spine Crawler  
  180  11:41  Spine Crawler  
  180  11:43  Spine Crawler  
  180  11:44  Spine Crawler  
  180  11:45  Drone x5  
  180  11:46  Drone x11, Spine Crawler x2  
  190  11:48  Queen  
  190  11:53  Drone  
  190  11:54  Drone x2  
  195  11:55  Drone x3  
  195  11:57  Drone x2  
  200  12:05  Overseer x2  
  200  12:10  Pathogen Glands  
  200  12:17  Spine Crawler  
  200  12:18  Spine Crawler  
  200  12:19  Spine Crawler x2  
  196  12:29  Spine Crawler  
  195  12:30  Drone, Spine Crawler  
  195  12:31  Drone x4, Spine Crawler  
  195  12:32  Spine Crawler  
  195  12:34  Spine Crawler  
  195  12:36  Drone x4, Extractor x2  
  198  12:44  Zergling x36  
  157  12:45  Zergling x26  
  157  12:48  Ravager x2  
  157  12:49  Ravager x3  
  186  12:51  Drone x2  
  186  12:52  Drone  
  186  12:58  Roach x5  
  197  13:06  Overlord  
  197  13:18  Zergling x24  
  197  13:19  Zergling x2  
  167  13:23  Swarm Host x3  
  167  13:24  Swarm Host x6  
  167  13:25  Swarm Host x3  
  196  13:29  Ravager x3  
  196  13:31  Overlord  
  197  13:43  Zergling x6  
  197  13:51  Overlord  
  197  13:54  Zergling x6  
  193  14:04  Drone x3  
  193  14:06  Spine Crawler  
  193  14:07  Spine Crawler  
  194  14:10  Spine Crawler  
  194  14:12  Spine Crawler  
  194  14:14  Zergling x14  
  194  14:23  Roach  
  194  14:24  Roach x15  
  195  14:28  Roach x5  
  195  14:29  Roach x5  
  193  14:31  Drone x2  
  192  14:46  Hatchery, Drone x5  
  192  14:50  Ravager x4  
  192  14:51  Ravager x2  
  192  15:12  Overlord  
  117  15:44  Swarm Host x7  
  117  15:45  Swarm Host x5  
  117  15:46  Swarm Host x7  
  117  15:47  Swarm Host x2  
  177  15:50  Zergling x38  
  177  15:51  Zerg Missile Weapons Level 2  
  177  15:52  Zerg Ground Armor Level 3  
  196  15:57  Queen  
  196  15:58  Overlord x2  
  196  15:59  Overlord  
  198  16:16  Overlord  
  198  16:17  Baneling Nest  
  194  16:39  Roach x5  
  189  16:40  Roach x13  
  199  16:53  Zergling x14  
  199  16:54  Zergling x2  
  200  17:00  Ravager  
  200  17:01  Ravager x4  
  175  17:04  Zergling x32  
  175  17:05  Zergling x18  
  194  17:10  Ravager x2  
  194  17:11  Queen, Ravager x2  
  198  17:18  Roach  
  198  17:19  Roach x3  
  198  17:22  Zergling x22  
  199  17:26  Baneling  
  199  17:27  Baneling x12  
  199  17:28  Baneling x7  
  199  17:29  Baneling x8  
  198  17:36  Hatchery, Drone x11  
  188  17:42  Zergling x14  
  185  17:44  Centrifical Hooks  
  150  17:56  Roach x11  
  148  18:04  Hatchery  
  141  18:08  Baneling x12  
  141  18:13  Hatchery  
  140  18:22  Zergling x2  
  140  18:23  Zergling x34  
  140  18:24  Hatchery  
  155  18:27  Ravager x4  
  155  18:28  Ravager x5  
  155  18:29  Ravager  
  165  18:40  Zergling x18  
  172  18:58  Zergling x16  
  172  18:59  Zergling x14  
  172  19:02  Drone x2  
  190  19:15  Hatchery  
  178  19:18  Drone x13  
  166  19:25  Drone x5  
  167  19:43  Zergling x2  
  167  19:44  Zergling x32  
  179  20:05  Zergling x36  
  191  20:11  Baneling x4  
  191  20:12  Baneling x12  
  165  20:24  Zergling x2  
  165  20:25  Zergling x26  
  171  20:36  Zergling x16  
  118  20:50  Zergling x18  
  118  20:53  Overseer x2  
  118  20:54  Overseer x2  
  116  20:57  Drone x3  
  116  21:01  Roach x4  
  128  21:10  Drone x3  
  125  21:24  Hatchery  
  119  21:26  Roach x16  
  137  21:36  Ravager x4  
  138  21:42  Neural Parasite  
  138  21:44  Infestor x5  
  138  21:45  Infestor  
  150  21:52  Ravager x11  
  150  21:53  Ravager  
  162  22:00  Infestor  
  162  22:01  Infestor x2  
  168  22:16  Hatchery  
  168  22:19  Infestor  
  168  22:20  Infestor  
  171  22:27  Hatchery  
  171  22:29  Infestor x3  
  174  22:33  Burrow  
  174  22:38  Roach x4  
  182  22:45  Drone x6  
  182  22:46  Drone  
  163  23:00  Roach x7  
  167  23:10  Drone x9  
  156  23:38  Roach x15  
  173  23:51  Zergling x28  
  183  23:59  Ravager x6  
  183  24:00  Ravager  
  189  24:03  Ravager x9  
  191  24:18  Baneling x7  
  191  24:19  Baneling x2  
  156  24:40  Zergling x30  
  136  24:50  Roach x9  
  118  25:11  Roach x11  
  130  25:20  Hatchery  
  120  25:24  Queen  
  120  25:26  Roach x5, Extractor  
  130  25:41  Zergling x14  
  130  25:42  Zergling x10  
  146  25:50  Drone x4  
  146  25:53  Ravager x3  
  149  26:00  Roach x2  
  149  26:01  Hatchery  
  141  26:19  Zergling x18  
  141  26:20  Zergling x4  
Tags
 
Add a new tag
Caveats
  • Supply blocks, unpowered buildings, or Contaminate may cause inaccurate times.
  • Supply counts are checked every 10 seconds.